 Dungeon Crawl Stone Soup version 0.29.1-15-g9cfb28693d (webtiles) character file.

Game seed: 13887738977179500453

51 H0rd4k the Charlatan (level 3, -5/24 HPs)
             Began as an Octopode Artificer on Mar 28, 2023.
             Slain by a goblin
             ... wielding a +0 dagger
             ... led by Robin
              (6 damage)
             ... on level 2 of the Dungeon.
             The game lasted 00:00:47 (1878 turns).

H0rd4k the Charlatan (Octopode Artificer)           Turns: 1878, Time: 00:00:48

Health: -5/24      AC:  1    Str: 11    XL:     3   Next: 81%
Magic:  5/5        EV: 13    Int: 15    God:
Gold:   61         SH:  0    Dex: 12    Spells: 5/5 levels left

rFire   . . .      SeeInvis .     - Unarmed
rCold   . . .      Faith    +   (no shield)
rNeg    . . .      Spirit   .   (helmet restricted)
rPois   .          Reflect  .   g - amulet of faith
rElec   .          Harm     .   (no ring)
rCorr   .          Rampage  .   (no ring)
Will    .....                   (no ring)
Stlth   +++.......              (no ring)
HPRegen 0.08/turn               (no ring)
MPRegen 0.09/turn               (no ring)
                                (no ring)
                                (no ring)

@: no status effects
A: almost no armour, amphibious, 8 rings, camouflage 1, gelatinous body 1,
(nimble swimmer 1), tentacles
a: no special abilities


You were on level 2 of the Dungeon.
You visited 1 branch of the dungeon, and saw 2 of its levels.

You collected 61 gold pieces.

Inventory:

Magical Staves
 o - a staff of air
Jewellery
 g - an amulet of faith (around mantle)
Wands
 b - a wand of flame (15) (quivered)
 c - a wand of charming (15)
 d - a wand of iceblast (5)
Scrolls
 a - a scroll of teleportation {unknown}
 e - 3 scrolls of identify {unknown}
 f - a scroll of butterflies {unknown}
 h - a scroll of fear {unknown}
 i - a scroll of amnesia {unknown}
 k - a scroll of summoning {unknown}
 n - a scroll of enchant weapon {unknown}
Potions
 j - a potion of heal wounds {unknown}
 l - a potion of ambrosia {unknown}
 m - a potion of curing {unknown}


   Skills:
 * Level 2.3 Fighting
 - Level 2.3 Dodging
 - Level 1.3 Stealth
 + Level 1.2 Unarmed Combat
 * Level 1.6 Spellcasting
 - Level 3.2 Evocations


You had 5 spell levels left.
You didn't know any spells.
Your spell library was empty.

Dungeon Overview and Level Annotations

Branches:
Dungeon (2/15)

Altars:

Shops:
D:1 =


Innate Abilities, Weirdness & Mutations

You cannot wear most types of armour.
You are amphibious.
You can wear up to eight rings at the same time.
Your skin changes colour to match your surroundings (Stealth+).
Your rubbery body absorbs attacks. (AC +1, EV +1)
((You are camouflaged when in or above water. (Stealth+)))
You have tentacles for arms and can constrict up to eight enemies at once.


Message History

You kill the goblin!
You tentacle-slap Robin but do no damage.
You grab Robin. You squeeze Robin.
Robin is lightly wounded.
You constrict Robin, but do no damage.
Robin roars a battlecry!
The goblin goes into a battle-frenzy!
You hear a shout! x3
You completely miss Robin.
Robin is lightly wounded.
You constrict Robin. Robin closely misses you.
The goblin hits you with a +0 dagger.
You tentacle-slap Robin but do no damage.
Robin is moderately wounded.
You constrict Robin. Robin throws the goblin at you!
The goblin hits you with a +0 dagger.
You tentacle-slap Robin.
Robin is heavily wounded.
You constrict Robin. Robin misses you.
A goblin comes into view. It is wielding a +0 club.
The goblin hits you with a +0 dagger.
You tentacle-slap Robin.
Robin is severely wounded.
You constrict Robin.
Robin roars a battlecry!
The goblin goes into a battle-frenzy!
The goblin closely misses you.
You hear a shout!
You tentacle-slap Robin.
You kill Robin!
The goblin barely misses you. The goblin attacks as you move away!
The goblin closely misses you. The goblin hits you with a +0 dagger.
* * * LOW HITPOINT WARNING * * *
The goblin closely misses you. The goblin attacks as you move away!
The goblin hits you with a +0 club.
* * * LOW HITPOINT WARNING * * *
There is an open door here.
The goblin attacks as you move away! The goblin hits you with a +0 dagger.
You die...

.######.....# ..# #. .#
#.....# ... #.
#######.....+ ##
#.....#.....####+######
#.....................#
#....................$#
.................g....#
#................g.)).#
#.####.)....####@#####..#
#.........^.# #.# #
#.####..########.# #.#
#.....<....#.#
..###.#..#.##....#
..+.........#..###
####.##.#....##..
#.#..........#
#.#...>.....#..


You could see 2 goblins.

Vanquished Creatures
  Robin (D:2)
  An adder (D:2)
  A worm (D:2)
  2 dart slugs (D:1)
  A bat (D:1)
  2 endoplasms
  2 giant cockroaches
  4 goblins
  2 hobgoblins (D:1)
  3 ball pythons (D:1)
  A kobold (D:1)
  4 rats
24 creatures vanquished.

Notes
Turn   | Place    | Note
-------+----------+-------------------------------------------
     0 | D:1      | H0rd4k the Octopode Artificer began the quest for the Orb.
     0 | D:1      | Reached XP level 1. HP: 13/13 MP: 1/1
   212 | D:1      | Reached XP level 2. HP: 18/18 MP: 1/3
   310 | D:1      | Found Noyput's Jewellery Emporium.
   417 | D:1      | Reached skill level 1 in Spellcasting
   783 | D:1      | Found a faded altar of an unknown god.
  1607 | D:2      | Reached XP level 3. HP: 24/24 MP: 4/4
  1774 | D:2      | Reached skill level 1 in Unarmed Combat
  1865 | D:2      | Noticed Robin
  1874 | D:2      | Killed Robin
  1877 | D:2      | HP: 1/24 [goblin/+0 club[Robin] (6)]
  1878 | D:2      | Slain by a goblin

Illustrated notes

Levels and vault maps discovered:
D:1:      erik_arrival_cave_to_civilisation [erik_arrival_cave_to_hall],
          layout_loops_corners, serial_shops, nicolae_square_shop,
          ebering_ecumenical_altar_abandoned
D:2:      layout_basic, basic_altar, uniq_robin, uniq_jessica, uniq_sigmund

Skill      XL: |  1  2  3 |
---------------+----------+-----
Spellcasting   | 1 |  1.6
Fighting       | 2 |  2.3
Unarmed Combat | 1 |  1.2
Dodging        | |  2.3
Stealth        | |  1.3
Evocations     | |  3.2

Action                   || total
-------------------------++-------
Melee: Unarmed           ||    62
       Constrict         ||    18
       Tentacles         ||    16
       Punch             ||     2
 Stab: Sleeping          ||     8
Armor: Skin              ||     5
Dodge: Dodged            ||    31
